 Dungeon Crawl Stone Soup version 0.21-a0-55-gb612c23 (webtiles) character file.

8609 minicreteconcrete the Cleaver (level 11, -16/83 HPs)
             Began as a Formicid Fighter on June 15, 2017.
             Was a Priest of Vehumet.
             Demolished by an orc warrior
             ... wielding a +0 war axe
              (26 damage)
             ... in a bailey.
             The game lasted 00:32:35 (11395 turns).

minicreteconcrete the Cleaver (Formicid Fighter)   Turns: 11395, Time: 00:32:36

Health: -16/83     AC: 15    Str: 23      XL:     11   Next: 59%
Magic:  19/19      EV: 11    Int:  6 (8)  God:    Vehumet [***...]
Gold:   484        SH: 11    Dex:  8 (9)  Spells: 15/18 levels left

rFire    + . .     SeeInvis +   T - +8 battleaxe (distort)
rCold    . . .     Gourm    .   c - +0 shield
rNeg     . . .     Faith    .   Q - +3 scale mail of Restlessness {Slay+2}
rPois    .         Spirit   .   (helmet unavailable)
rElec    .         Reflect  .   n - +0 cloak
rCorr    .         Harm     .   (no gloves)
MR       +....     Clarity  +   y - +2 pair of boots
Stlth    ..........             V - amulet of inaccuracy (curse)
HPRegen  0.23/turn              j - ring of wizardry
MPRegen  0.16/turn              J - ring of wizardry

@: no status effects
A: permanent stasis, dig shafts and tunnels, four strong arms, antennae 3,
clarity, clumsy 1, deterioration 1, fire resistance 1, high mp 1
a: Dig, Shaft Self, Renounce Religion


You were in a bailey.
You worshipped Vehumet.
Vehumet was most pleased with you.
You were hungry.

You visited 1 branch of the dungeon, and saw 10 of its levels.
You also visited: Sewer and Bailey.

You collected 594 gold pieces.
You spent 110 gold pieces at shops.

Inventory:

Hand Weapons
 a - a +0 war axe
 b - a +0 shortbow
 B - a +1 flail
 G - a +0 blowgun
 L - a +0 great mace
 T - a +8 battleaxe of distortion (weapon)
Missiles
 e - 283 stones
 o - 154 sling bullets
 w - 134 arrows
 C - 2 tomahawks (quivered)
 D - 47 poisoned needles
 M - 73 bolts
 R - 11 needles of confusion
 X - 10 tomahawks of returning
Armour
 c - a +0 shield (worn)
 h - the -6 large shield of Somewhere Else {rPois Regen+ MP-9 Stlth+}
   (You found it on level 4 of the Dungeon)

   It protects you from poison.
   It affects your magic capacity (-9).
   It increases your rate of regeneration.
   It makes you more stealthy.
 n - a +0 cloak (worn)
 y - a +2 pair of boots (worn)
 A - a +0 chain mail
 P - a +0 scale mail
 Q - the +3 scale mail of Restlessness (worn) {Slay+2}
   (You found it on level 7 of the Dungeon)

   It affects your accuracy and damage with ranged weapons and melee attacks
   (+2).
Jewellery
 j - a ring of wizardry (left hand)
 J - a ring of wizardry (right hand)
 V - a cursed amulet of inaccuracy (around neck)
Wands
 r - a wand of paralysis (20/24)
 H - a wand of iceblast (0/15)
 K - a wand of lightning (2/15)
 N - a wand of lightning (2/15)
 O - a wand of flame (28/48)
 S - a wand of lightning (7/15)
 U - a wand of polymorph (6/24)
Scrolls
 i - 2 scrolls of enchant armour
 l - 4 scrolls of identify
 m - 3 scrolls of amnesia
 p - a scroll of fear
 W - 2 scrolls of fog
Potions
 d - 3 potions of might
 g - 2 potions of lignification
 k - 9 potions of curing
 s - 3 potions of heal wounds
 t - 3 potions of cancellation
 v - 2 potions of agility
 z - 4 potions of flight
 E - 2 potions of mutation
 I - a potion of invisibility
Books
 u - a book of Cantrips

   Spells                             Type                      Level
   a - Confusing Touch                Hexes                        1
   b - Animate Skeleton               Necromancy                   1
   c - Summon Small Mammal            Summoning                    1
   d - Apportation                    Translocation                1
 F - a book of Misfortune

   Spells                             Type                      Level
   a - Confusing Touch                Hexes                        1
   b - Confuse                        Hexes                        3
   c - Gell's Gravitas                Translocation                3
   d - Petrify                        Transmutation/Earth          4
   e - Metabolic Englaciation         Hexes/Ice                    5
   f - Yara's Violent Unravelling     Hexes/Transmutation          5
Comestibles
 f - 6 bread rations
 q - 8 fruits
 x - 3 royal jellies
 Y - 3 chunks of flesh


   Skills:
 - Level 6.7 Fighting
 + Level 11.3 Axes
 - Level 1.1 Bows
 - Level 1.3 Throwing
 - Level 6.8 Armour
 - Level 3.2 Dodging
 - Level 2.1 Stealth
 + Level 9.8 Shields
 - Level 4.2 Spellcasting
 - Level 0.5 Conjurations
 - Level 2.3 Necromancy
 - Level 1.6 Fire Magic
 - Level 0.2 Evocations


You had 15 spell levels left.
You knew the following spells:

 Your Spells              Type           Power        Failure   Level  Hunger
a - Animate Skeleton      Necr           N/A          8%          1    ##.....
b - Throw Flame           Conj/Fire      #.....       9%          2    ###....


Dungeon Overview and Level Annotations

Branches:
Dungeon (10/15)            Temple (0/1) D:7             Orc (0/2) D:9
   Lair: D:8-11

Altars:
Cheibriados
Elyvilon
Fedhas
Gozag
Hepliaklqana
Kikubaaqudgha
Ru
Vehumet

Shops:
D:5 }[}   D:8 :


Innate Abilities, Weirdness & Mutations

You cannot be hasted, slowed, berserked, paralysed or teleported.
You can dig through walls and to a lower floor.
Your four strong arms can wield two-handed weapons with a shield.
You have a pair of large antennae on your head. (SInv)
You possess an exceptional clarity of mind.
You are clumsy. (Dex -2)
Your body sometimes deteriorates upon taking damage.
Your flesh is heat resistant. (rF+)
You have an increased reservoir of magic. (+10% MP)


Message History

You miss the orc warrior.
The orc warrior is moderately wounded.
The orc warrior hits you with a war axe.
You miss the orc warrior.
The orc warrior is moderately wounded.
You slice the orc warrior!!
You kill the orc warrior!
Vehumet accepts your kill.
The orc warrior hits you with a war axe!
* * * LOW HITPOINT WARNING * * *
Your body deteriorates!
You feel dopey.
You slash the orc warrior!
The orc warrior looks slightly unstable.
The orc warrior is severely wounded.
The orc warrior hits you with a war axe!
* * * LOW HITPOINT WARNING * * *
You miss the orc warrior.
The orc warrior is severely wounded.
The orc warrior hits you with a war axe!!
You die...

#############.#
####......(.......
##........)..######
##.........#'##{
#.....⌠o)).#()# {{
##......@###..#
######..%..# 'og###
≈≈≈≈#...†%.###.... ..
≈≈≈≈≈≈≈≈)%...#..####'####
##≈≈≈≈≈≈≈≈≈≈.####.......#
#
###....≈≈≈≈≈≈≈K#.......#K≈
##.....(≈≈≈≈≈#########≈≈
##.......≈≈≈≈≈≈≈≈≈≈≈≈≈≈
###........≈≈≈≈≈≈≈≈≈#


You could see an orc warrior.

Vanquished Creatures
  2 two-headed ogres
  The ghost of xgamer67 the Covert, a novice SpWr of Nemelex Xobeh (D:7)
  4 yaks (D:9)
  A wraith (D:10)
  A hungry ghost (D:9)
  Duvessa (D:6)
  2 sky beasts
  3 phantoms
  3 ice beasts
  5 orc warriors
  5 ogres
  A centaur (D:6)
  5 big kobolds (Sewer)
  4 bullfrogs
  Dowan (D:6)
  2 scorpions (D:8)
  14 killer bees
  2 crimson imps (D:6)
  3 howler monkeys (D:8)
  A quasit (D:7)
  A centaur skeleton (D:6)
  A centaur zombie (D:7)
  A bullfrog zombie (D:3)
  5 hounds
  2 jellies
  7 orc priests
  A bullfrog skeleton (D:9)
  2 iguanas
  4 orc wizards
  4 worker ants
  A hound zombie (D:9)
  A hound skeleton (D:4)
  3 worker ant zombies
  3 gnolls (Bailey)
  14 adders
  5 river rats (Sewer)
  4 shadow imps
  An ooze (D:2)
  An adder skeleton (D:4)
  4 worms
  3 dart slugs
  7 leopard geckos
  35 orcs
  8 ball pythons
  4 bats
  7 giant cockroaches
  9 goblins
  11 hobgoblins
  9 jackals
  3 quokkas
  2 frilled lizards
  A giant cockroach zombie (D:8)
  20 kobolds
  A quokka skeleton (D:4)
  26 rats
272 creatures vanquished.

Vanquished Creatures (collateral kills)
  A two-headed ogre (D:6)
  A hornet (D:8)
  A big kobold (Sewer)
  A bullfrog (D:6)
  A howler monkey (D:6)
  A crimson imp (D:7)
  3 orc wizards
  An iguana (D:8)
  A worker ant (D:9)
  A hound zombie (D:7)
  A bat (D:3)
  3 kobolds
  2 rats (Sewer)
18 creatures vanquished.

Vanquished Creatures (others)
  The ghost of dududu the Slicer, a journeyman VSFi of Uskayaw (Bailey)
  2 yaks (D:9)
  2 orc warriors
5 creatures vanquished.

Grand Total: 295 creatures vanquished

Notes
Turn   | Place    | Note
-------+----------+-------------------------------------------
     0 | D:1      | minicreteconcrete the Formicid Fighter began the quest for the Orb.
     0 | D:1      | Reached XP level 1. HP: 18/18 MP: 1/1
    79 | D:1      | Reached XP level 2. HP: 24/24 MP: 2/2
   659 | D:1      | Reached XP level 3. HP: 30/30 MP: 3/3
  1042 | D:2      | Reached XP level 4. HP: 37/37 MP: 4/4
  1066 | D:2      | Found a faded altar of an unknown god.
  1351 | D:2      | Learned a level 1 spell: Animate Skeleton
  1707 | D:3      | Found a hazy altar of Hepliaklqana.
  1755 | D:3      | Reached skill level 3 in Axes
  1755 | D:3      | Reached XP level 5. HP: 41/42 MP: 5/5
  2079 | D:3      | Reached skill level 1 in Necromancy
  2176 | D:3      | Reached skill level 1 in Spellcasting
  2178 | D:3      | Reached skill level 1 in Dodging
  2269 | D:3      | Reached XP level 6. HP: 48/48 MP: 7/7
  2649 | D:4      | Got a transparent large shield
  2665 | D:4      | Identified the -6 large shield of Somewhere Else {rPois Regen+ MP-9 Stlth+} (You found it on level 4 of the Dungeon)
  2812 | D:4      | Found a glowing drain.
  2822 | Sewer    | Entered a sewer
  2968 | Sewer    | Reached skill level 4 in Axes
  2968 | Sewer    | Reached XP level 7. HP: 55/55 MP: 8/10
  3052 | Sewer    | Reached skill level 1 in Stealth
  3210 | Sewer    | Reached skill level 5 in Shields
  3837 | D:4      | Found a sacrificial altar of Ru.
  3938 | D:4      | Reached XP level 8. HP: 32/61 MP: 12/12
  4564 | D:5      | Entered Level 5 of the Dungeon
  4628 | D:5      | Found a blossoming altar of Fedhas.
  4630 | D:5      | Found Lovep's Gadget Shoppe.
  4631 | D:5      | Found Con Esem's Gadget Shoppe.
  4639 | D:5      | Bought a wand of iceblast (6/15) for 110 gold pieces
  4657 | D:5      | Found Ufrezid's Armour Shoppe.
  4727 | D:5      | Reached skill level 5 in Axes
  5119 | D:5      | Found a radiant altar of Vehumet.
  5154 | D:5      | Found a white marble altar of Elyvilon.
  5182 | D:5      | Became a worshipper of Vehumet
  5736 | D:6      | Reached skill level 5 in Fighting
  5753 | D:6      | Reached skill level 6 in Axes
  5753 | D:6      | Reached skill level 5 in Armour
  5858 | D:6      | Noticed Dowan
  5997 | D:6      | Noticed Duvessa
  6012 | D:6      | Killed Duvessa
  6030 | D:5      | Reached XP level 9. HP: 68/68 MP: 13/13
  6071 | D:6      | Found an opulent altar of Gozag.
  6258 | D:6      | Killed Dowan
  6313 | D:6      | Noticed a two-headed ogre
  6580 | D:6      | Reached skill level 1 in Throwing
  7058 | D:6      | Reached * piety under Vehumet
  7058 | D:6      | Offered knowledge of Freeze by Vehumet.
  7141 | D:6      | Reached skill level 7 in Axes
  7443 | D:6      | Killed a two-headed ogre
  7443 | D:6      | Reached XP level 10. HP: 35/76 MP: 13/15
  7918 | D:7      | Reached skill level 8 in Axes
  7921 | D:7      | Got a transparent scale mail
  7922 | D:7      | Identified the +3 scale mail of Restlessness {Slay+2} (You found it on level 7 of the Dungeon)
  7935 | D:7      | Gained mutation: You are frail. (-10% HP) [potion of mutation]
  7935 | D:7      | Gained mutation: Your flesh is heat resistant. (rF+) [potion of mutation]
  7935 | D:7      | Gained mutation: You possess an exceptional clarity of mind. [potion of mutation]
  7936 | D:7      | Lost mutation: You are frail. (-10% HP) [potion of mutation]
  7936 | D:7      | Gained mutation: You are clumsy. (Dex -2) [potion of mutation]
  7936 | D:7      | Gained mutation: Your body sometimes deteriorates upon taking damage. [potion of mutation]
  7936 | D:7      | Gained mutation: You have an increased reservoir of magic. (+10% MP) [potion of mutation]
  7987 | D:7      | Noticed xgamer67's ghost (novice SpWr)
  8012 | D:7      | Killed xgamer67's ghost
  8012 | D:7      | Reached skill level 1 in Bows
  8401 | D:7      | Found a staircase to the Ecumenical Temple.
  8410 | D:7      | Identified a scroll of acquirement
  8753 | D:8      | Offered knowledge of Throw Flame by Vehumet.
  8771 | D:8      | Reached ** piety under Vehumet
  8785 | D:8      | Learned a level 2 spell: Throw Flame
  9045 | D:8      | Found a snail-covered altar of Cheibriados.
  9139 | D:8      | Found Wuiz's Book Boutique.
  9187 | D:8      | Noticed a two-headed ogre
  9198 | D:8      | Killed a two-headed ogre
  9198 | D:8      | Reached skill level 9 in Axes
  9198 | D:8      | Reached skill level 1 in Fire Magic
  9587 | D:8      | Found an ancient bone altar of Kikubaaqudgha.
  9713 | D:8      | Reached XP level 11. HP: 49/83 MP: 19/19
  9935 | D:9      | Found a staircase to the Orcish Mines.
  9946 | D:9      | Offered knowledge of Stone Arrow by Vehumet.
  9949 | D:9      | Noticed a two-headed ogre
 10214 | D:9      | Reached skill level 10 in Axes
 10245 | D:9      | Killed a two-headed ogre
 10833 | D:9      | Reached skill level 11 in Axes
 10988 | D:9      | Reached *** piety under Vehumet
 11147 | D:10     | Entered Level 10 of the Dungeon
 11172 | D:10     | Found a flagged portal.
 11184 | Bailey   | Entered a bailey
 11184 | Bailey   | Noticed dududu's ghost (journeyman VSFi)
 11188 | Bailey   | Banished dududu's ghost
 11358 | Bailey   | Noticed an orc knight
 11388 | Bailey   | Offered knowledge of Conjure Flame by Vehumet.
 11395 | Bailey   | Demolished by an orc warrior

Vault maps used:
D:1:      dpeg_arrival_central
D:2:      chequers_ecumenical_altar_island, first_bread
D:3:      lemuel_round_altar
D:4:      kennysheep_little_box, portal_sewer_entry_e
D:5:      nicolae_overflow_crystal_walls, marbit_many_paths, fedhas_altar_3,
          serial_shops, nicolae_shop_waterfront, shop, shop_fountains,
          kennysheep_boxes
D:6:      nicolae_gozag_seed_capital, uniq_duvessa
D:7:      minmay_temple_entry_glassed_door
D:8:      kiku_gazebo_pond_becter, cheibriados_altar_1, serial_shops, shop,
          kennysheep_generic_room_11
D:9:      david_orc_3
D:10:     serial_shops, shop, enter_bailey_2
Sewer:    sewer_minmay_treatment
Bailey:   bailey_axe_4, bailey

Skill      XL: |  1  2  3  4  5  6  7  8  9 10 11 |
---------------+----------------------------------+-----
Shields        | 4 5 6 7 8 9 |  9.8
Fighting       | 4 5 6 |  6.7
Axes           | 3 4 6 7 9 11 | 11.3
Necromancy     | 1 2 |  2.3
Spellcasting   | 1 2 3 4 |  4.2
Dodging        | 1 2 3 |  3.2
Armour         | 4 5 6 |  6.8
Stealth        | 1 2 |  2.1
Throwing       | 1 |  1.3
Bows           | 1 |  1.1
Fire Magic     | 1 |  1.6
Conjurations   | |  0.5
Evocations     | |  0.2

Action                   |  1- 3 |  4- 6 |  7- 9 | 10-12 || total
-------------------------+-------+-------+-------+-------++-------
Melee: War axe           |    95 |   172 |   380 |   108 ||   755
       Battleaxe         |       |       |       |   237 ||   237
 Fire: Blowgun           |       |       |     9 |       ||     9
       Shortbow          |       |       |     8 |     4 ||    12
 Cast: Animate Skeleton  |       |     9 |    27 |    26 ||    62
       Throw Flame       |       |       |       |    17 ||    17
 Abil: Dig               |     3 |     5 |     3 |     2 ||    13
Evoke: Wand              |       |       |     2 |     6 ||     8
  Use: Scroll            |       |    14 |     3 |    12 ||    29
       Potion            |       |       |     1 |     6 ||     7
 Stab: Distracted        |       |     1 |     1 |       ||     2
  Eat: Chunk             |     1 |     7 |    12 |    17 ||    37
       Bread ration      |       |       |     1 |       ||     1
Armor: Scale mail        |    43 |    81 |   110 |   135 ||   369
       Skin              |       |       |    25 |       ||    25
Dodge: Dodged            |    30 |    55 |   108 |   148 ||   341
Block: Shield            |    40 |    96 |   207 |   230 ||   573
